← All builds
Tech / Armada / Economy first / OBSERVED BUILD

Standard tech

Armada Tech (Eco) build order · Supreme Isthmus

Rushes T2 by 4:15, gets Advanced Metal Extractor around 5:28, hands off T2 constructors to Geo and the team, then scales eco and supplies the team's T2 needs through the rest of the game.

Usually first T2 con to Geo (83%)

#eco #t2 #team support · 1579 distinct matches · 255 players · 58% of Armada Tech games · team won 53% of 1874 · Recently observed

HOW TO PLAY IT

Key timing: T2 factory by 4:15

  1. Open 3 mex and heavy wind to fund a fast T2 rush.
  2. Put down Bot Lab, planning to eat it for reclaim soon after.
  3. Get Advanced Bot Lab up, hitting the T2 factory rush timing.
  4. Upgrade mex to Advanced Metal Extractor to lock in team metal income.
  5. Eat Advanced Bot Lab and keep sending cons to Geo and Pond.

Phase by phase

TYPICAL OF ITS 1579 GAMES
  1. 1
  2. 2
  3. 3
  4. 4
PLAY THE OPENING

Follow the example game's first 6:00 step by step: what to build now, what comes next, and where it goes. At 1× it keeps pace with your own game.

  1. 1

    Up to the Bot Lab

    Economy
    • Metal Extractor3Mex
    • Wind Turbine4Wind
    Order
    1. Bot LabBot Lab after 3 mex, 4 winddone ~1:18, middle half 1:13–1:32

    Some games also: energy storage (31%)

    By 1:01 in all: 3 mex · 4 wind

    The example game in this phase · 3 steps
    1. Mex ×3
    2. Wind ×3
    3. Bot LabBot Labdone 1:09 · typical 1:18
  2. 2

    Bot Lab to Advanced Bot Lab

    Economy
    • Metal Extractor1Mex
    • Wind Turbine8Wind
    • Energy Storage1Energy storage
    Order
    1. Advanced Bot LabAdvanced Bot Lab after 4 mex, 12 wind, 3 con turretdone ~4:16, middle half 4:04–4:30
    Builders
    • Construction Turret3 Con turret
    • Lazarus3 Lazarus
    • Construction Bot2 Con bot
    • Construction Bot1 Con bot for allies

    Some games also: converter (36%)

    By 3:18 in all: 4 mex · 12 wind · 1 energy storage · 3 con turret

    The example game in this phase · 12 steps
    1. Wind
    2. LazarusLazarus
    3. Wind ×3
    4. LazarusLazarus ×2
    5. Construction BotCon bot ×3
    6. Con turret
    7. Wind ×2
    8. Mex
    9. Con turret
    10. Wind ×2
    11. Energy storage
    12. Advanced Bot LabAdvanced Bot Labdone 3:49 · typical 4:16
  3. 3

    Advanced Bot Lab to 5:00

    Economy
    • Wind Turbine3Wind
    Order
    1. Bot LabEat Bot Lab
    Builders
    • Advanced Construction Bot1 T2 con bot for allies

    Some games also: converter (35%)

    By 5:00 in all: 4 mex · 15 wind · 1 converter · 1 energy storage · 3 con turret

    The example game in this phase · 4 steps
    1. Bot LabEat Bot Labreclaimed for its metal
    2. NettleNettle
    3. Advanced Construction BotT2 con botfor Air
    4. Advanced Metal ExtractorT2 mex ×2done 4:44 · typical 5:29
  4. 4

    5:00 to 10:00

    Economy
    • Wind Turbine43Wind
    • Energy Converter6Converter
    Builders
    • Butler9 Butler
    • Advanced Construction Bot4 T2 con bot for allies
    • Advanced Construction Bot1 T2 con bot

    Some games also: con turret (43%) · Butler for allies (36%)

    By 10:00 in all: 4 mex · 58 wind · 8 converter · 1 energy storage · 3 con turret

    The example game in this phase · 402 steps
    1. Advanced Construction BotT2 con botfor Suicide front
    2. Advanced Metal ExtractorT2 mex
    3. Wind
    4. Advanced Metal ExtractorT2 mex
    5. Wind ×3
    6. ButlerButler
    7. Wind
    8. ButlerButler
    9. Wind
    10. ButlerButler
    11. Advanced Construction BotT2 con botfor Beach sea
    12. Wind
    13. ButlerButler
    14. Wind ×3
    15. ButlerButler
    16. Wind ×2
    17. ButlerButler
    18. Wind ×2
    19. Advanced Construction BotT2 con botfor Front
    20. Wind ×3
    21. ButlerButler
    22. Wind ×4
    23. ButlerButler
    24. Wind ×3
    25. ButlerButler
    26. Wind ×5
    27. ButlerButler
    28. Wind ×4
    29. ButlerButler
    30. Wind
    31. Converter
    32. Wind ×3
    33. ButlerButler
    34. Wind
    35. Converter
    36. Wind
    37. ButlerButler
    38. Wind ×2
    39. Converter
    40. Wind ×4
    41. Converter
    42. ButlerButler
    43. Wind ×3
    44. Converter
    45. Wind ×4
    46. ButlerButler
    47. Wind
    48. Converter
    49. Wind ×2
    50. Converter
    51. Wind ×2
    52. ButlerButler
    53. Wind ×3
    54. Converter
    55. Wind ×4
    56. ButlerButler
    57. Wind ×2
    58. Converter
    59. Wind ×3
    60. ButlerButler
    61. Converter
    62. Wind ×4
    63. Converter
    64. ButlerButler
    65. Wind
    66. Advanced Construction BotT2 con botfor Suicide front
    67. Converter
    68. Wind ×5
    69. Converter
    70. Wind ×3
    71. ButlerButler
    72. Wind
    73. Converter
    74. Wind ×2
    75. Converter
    76. Wind
    77. ButlerButler
    78. Wind ×3
    79. Converter
    80. Wind
    81. Converter
    82. Wind ×4
    83. ButlerButler
    84. Converter ×2
    85. Wind ×6
    86. Converter ×2
    87. Wind ×4
    88. Converter
    89. Wind ×4
    90. ButlerButler
    91. Converter
    92. Wind
    93. Converter
    94. Wind ×3
    95. Converter
    96. ButlerButler
    97. Wind ×4
    98. Converter ×2
    99. Wind ×4
    100. ButlerButler
    101. Wind
    102. Converter
    103. Wind ×4
    104. Converter
    105. Wind ×2
    106. Converter
    107. Wind ×2
    108. ButlerButler
    109. Converter ×2
    110. Wind ×4
    111. Converter
    112. ButlerButler
    113. Wind ×3
    114. Converter ×2
    115. Wind ×4
    116. Converter ×2
    117. ButlerButler
    118. Wind
    119. Converter
    120. Wind ×4
    121. Converter ×2
    122. ButlerButler
    123. Wind ×4
    124. Converter ×2
    125. Wind ×3
    126. Converter
    127. Wind
    128. ButlerButler
    129. Converter
    130. Wind
    131. Converter
    132. Wind ×2
    133. Converter
    134. Wind ×2
    135. ButlerButler
    136. Converter
    137. Wind ×2
    138. Converter
    139. Wind ×2
    140. Converter
    141. Wind ×2
    142. ButlerButler
    143. Wind ×2
    144. Converter
    145. Wind ×2
    146. Converter
    147. Wind
    148. Converter
    149. Wind ×2
    150. ButlerButler
    151. Wind ×2
    152. Converter ×2
    153. Wind ×6
    154. Converter
    155. ButlerButler
    156. Converter
    157. Wind ×4
    158. Converter
    159. Wind ×2
    160. Converter
    161. Wind ×2
    162. ButlerButler
    163. Wind ×4
    164. Converter ×2
    165. Wind ×2
    166. Converter
    167. Wind
    168. ButlerButler
    169. Wind ×4
    170. Converter
    171. Wind ×4
    172. Converter
    173. Wind
    174. ButlerButler
    175. Wind
    176. Converter
    177. Wind ×2
    178. Converter
    179. Wind ×7
    180. UmbrellaAnti-nukedone 12:37
    181. Converter ×2
    182. Wind
    183. Converter
    184. Wind ×9
    185. Converter
    186. Wind
    187. Converter ×2
    188. Wind ×7
    189. Converter
    190. Wind ×2
    191. Con turret
    192. Converter ×2
    193. Wind ×5
    194. Converter
    195. Wind ×6
    196. Converter ×2
    197. Wind ×5
    198. Converter
    199. Wind ×6
    200. Converter ×2
    201. Wind ×5
    202. Converter
    203. Wind ×6
    204. Con turret
    205. Converter
    206. Wind
    207. Converter
    208. Wind ×4
    209. Converter
    210. Wind ×7
    211. Energy storage
    212. Converter ×2
    213. Wind ×6
    214. Converter
    215. Wind ×8
    216. Converter ×2
    217. Wind ×2
    218. Converter
    219. Wind ×5
    220. Converter
    221. Wind ×3
    222. Converter
    223. Wind ×5
    224. Converter ×2
    225. Con turret
    226. Wind ×2
    227. Converter
    228. Wind ×6
    229. Advanced Construction BotT2 con bot
    230. Wind ×2
    231. Converter
    232. Wind
    233. Converter
    234. Wind
    235. Converter
    236. Wind ×3
    237. Con turret
    238. Converter
    239. Wind ×9
    240. Converter
    241. Con turret
    242. Wind
    243. Converter ×2
    244. Wind ×2
    245. Converter
    246. Wind ×9
    247. Converter
    248. Wind
    249. Con turret
    250. Wind ×3
    251. Converter
    252. HoundHoundfor Suicide front
    253. Converter ×2
    254. Wind ×6
    255. Con turret
    256. Wind ×4
    257. Converter
    258. Wind
    259. Converter
    260. Wind ×2
    261. Converter
    262. Wind ×2
    263. Converter
    264. Wind
    265. HoundHoundfor Suicide front
    266. Wind ×8
    267. HoundHoundfor Suicide front
    268. Converter
    269. Wind
    270. Converter ×2
    271. Wind ×5
    272. HoundHoundfor Suicide front
    273. Wind ×2
    274. Converter
    275. Wind ×3
    276. Converter
    277. Wind
    278. Converter
    279. Wind ×2
    280. HoundHoundfor Suicide front
    281. Wind
    282. Converter
    283. Wind ×6
    284. HoundHoundfor Suicide front
    285. Wind
    286. Converter
    287. Wind ×3
    288. Converter
    289. Wind
    290. Converter ×2
    291. Wind ×2
    292. HoundHoundfor Suicide front
    293. Wind ×4
    294. Converter
    295. Wind ×2
    296. HoundHoundfor Suicide front
    297. Wind
    298. Converter ×2
    299. Wind ×4
    300. Converter
    301. Wind ×2
    302. HoundHoundfor Suicide front
    303. Converter
    304. Wind ×2
    305. Converter ×3
    306. Wind ×3
    307. HoundHoundfor Suicide front
    308. Wind
    309. Converter ×2
    310. Wind
    311. Converter ×2
    312. Wind
    313. HoundHoundfor Suicide front
    314. Converter ×3
    315. Wind ×2
    316. Converter
    317. Wind ×3
    318. Converter
    319. HoundHoundfor Suicide front
    320. Wind
    321. Converter ×2
    322. Wind ×3
    323. Converter
    324. Wind ×5
    325. Converter
    326. Wind
    327. Converter
    328. Wind ×3
    329. Converter
    330. Wind ×2
    331. Converter
    332. Wind ×2
    333. HoundHoundfor Suicide front
    334. Wind ×2
    335. Converter
    336. Wind ×3
    337. Converter ×2
    338. Wind ×3
    339. HoundHoundfor Suicide front
    340. Converter
    341. Wind ×5
    342. Converter
    343. Wind
    344. HoundHoundfor Suicide front
    345. Wind ×2
    346. Converter
    347. Wind
    348. Converter
    349. Wind ×2
    350. Converter
    351. Wind ×5
    352. Converter
    353. Wind ×2
    354. Converter
    355. Wind ×4
    356. Converter
    357. Wind ×3
    358. Energy storage
    359. Converter
    360. Wind ×3
    361. Converter
    362. Wind ×5
    363. Converter ×2
    364. Wind
    365. HoundHoundfor Suicide front
    366. Wind ×5
    367. Converter
    368. Wind
    369. Converter
    370. Wind
    371. HoundHoundfor Suicide front
    372. Wind ×5
    373. Converter ×2
    374. Wind ×3
    375. HoundHoundfor Suicide front
    376. Wind ×3
    377. Converter ×2
    378. Wind ×5
    379. HoundHoundfor Suicide front
    380. Wind ×2
    381. Converter
    382. Wind
    383. Converter
    384. Wind ×3
    385. HoundHoundfor Suicide front
    386. Wind ×2
    387. Converter
    388. Wind ×2
    389. Converter
    390. Wind ×3
    391. HoundHound
    392. Wind
    393. Converter
    394. Wind ×5
    395. Converter
    396. HoundHound
    397. Wind
    398. Converter
    399. Wind ×2
    400. Converter
    401. Wind ×4
    402. HoundHound

Counts are medians over the build's games: half of them build more, half fewer. The example game is DonGarillo's (31 OS, 11/10/2026); pick another.

Team trades

IN AT LEAST 30% OF ITS GAMES

You hand over

  • Construction Bot1 Con bot to Airfirst at 2:23 · in 84% of games
  • Advanced Construction Bot5 T2 con bot to Air or Geo sea or Pondfirst at 4:50 · in 99% of games
  • Butler2 Butler to Geo sea or Beach sea or Pondfirst at 9:07 · in 42% of games

You get

  • Hercules1 Light transport from Airfirst at 4:01 · in 86% of games

How it plays out

Typical game of this build, running totals by minute

Metal produced

020k40k
0:005:0010:0015:00

metal

Enemy metal destroyed

050100
0:005:0010:0015:00

metal

Own metal lost

050100150
0:005:0010:0015:00

metal

1874 games.

Show as table
ByMetal produced: This buildEnemy metal destroyed: This buildOwn metal lost: This build
1:0038300
2:0091500
3:00165100
4:00314400
5:00484700
6:00580000
7:00722700
8:00906100
9:001117300
10:001350300
11:001624200
12:001965600
13:002344500
14:0027362073
15:003154285130
WHAT THE NUMBERS SAY

Standard Tech play barely fights at all early, instead pouring metal into T2 infrastructure and constructors for the team.

  • + Metal produced hits 31679 by 15:00, by far the highest of any role here.
  • + T2 factory reached in 97% of games by 4:15, fastest and most reliable T2 timing.
  • − Enemy metal destroyed stays at 0 through 10:00, no early offense at all.
  • − Own metal lost also near 0, showing total avoidance of combat risk.
THE EXAMPLE YOU ARE READING

DonGarillo

30.9 OS · 11/10/2026

Open source match ↗

2 received units
3847 metal received · 125048 energy received

Allied construction assistance is unknown. Timings are observations, not a promise of solo reproducibility.

Typical milestones

Bot Lab1:18Middle 50%: 1:13–1:32 · n=1874
Advanced Bot Lab4:16Middle 50%: 4:04–4:30 · n=1867
Advanced Metal Extractor5:29Middle 50%: 5:05–5:59 · n=1870

Played most by

Amrissa93games of this buildTheGeneraI66games of this buildAdeus57games of this buildEl_Turco56games of this buildKOT_43games of this build